 Dungeon Crawl Stone Soup version 0.20.0-8-g6b59dc7 (webtiles) character file.

39385 tizzy the Severer (level 13, -32/86 HPs)
             Began as a Demonspawn Fighter on May 31, 2017.
             Was the Champion of Okawaru.
             Annihilated by a spiny frog (38 damage)
             ... on level 5 of the Lair of Beasts.
             The game lasted 00:47:19 (17279 turns).

tizzy the Severer (Demonspawn Fighter)             Turns: 17279, Time: 00:47:20

Health: -32/86     AC: 14    Str: 20    XL:     13   Next: 68%
Magic:  0/14       EV: 10    Int: 12    God:    Okawaru [******]
Gold:   1293       SH:  0    Dex: 14    Spells: 10/12 levels left

rFire    . . .     SeeInvis +   A - +3 broad axe (freeze)
rCold    + . .     Gourm    .   j - +2 buckler {rC+}
rNeg     . . .     Faith    .   z - +1 troll leather armour
rPois    .         Spirit   +   (helmet restricted)
rElec    .         Reflect  +   (no cloak)
rCorr    .         Harm     .   d - +0 pair of gloves
MR       .....                  y - +1 pair of boots {run}
Stlth    +.........             B - +3 amulet of reflection
Regen    0.7/turn               S - +6 ring of slaying
MPRegen  0.3/turn               F - ring of see invisible

@: lethally poisoned (-32 -> -33), sleeping, sanguine armour, hasted, quick
A: horns 1, talons 2, agile 1, low mp 1, powered by death 1, magic shield, magic
regeneration, sanguine armour 1
a: Heroism, Finesse, Renounce Religion


You were on level 5 of the Lair of Beasts.
You worshipped Okawaru.
Okawaru was exalted by your worship.
You were near starving.

You visited 3 branches of the dungeon, and saw 17 of its levels.
You also visited: Bailey.

You collected 1293 gold pieces.

Inventory:

Hand Weapons
 A - a +3 broad axe of freezing (weapon)
 H - a +3 hand axe of flaming
Missiles
 w - 5 javelins (quivered)
Armour
 d - a +0 pair of gloves (worn)
 j - a +2 buckler of cold resistance (worn)
 y - a +1 pair of boots of running (worn)
 z - a +1 troll leather armour (worn)
 L - the +0 pair of boots of the Bouncing Dreams {rC++}
   (Okawaru gifted it to you on level 5 of the Lair of Beasts)

   It greatly protects you from cold.
Jewellery
 e - an uncursed ring of fire
 B - a +3 amulet of reflection (around neck)
 F - a ring of see invisible (right hand)
 S - a +6 ring of slaying (left hand)
Wands
 c - a wand of digging (10/24)
 i - a wand of iceblast (11/15)
 u - a wand of polymorph (7/24)
 v - a wand of paralysis (14/24)
 x - a wand of confusion (10/48)
 D - a wand of acid (5/15)
 Q - a wand of digging (16/24)
Scrolls
 a - 2 scrolls of amnesia
 g - 5 scrolls of teleportation
 h - 2 scrolls of identify
 k - 2 scrolls of fear
 m - a scroll of recharging
 n - 3 scrolls of magic mapping
 o - 6 scrolls of remove curse
 C - 2 scrolls of blinking
 G - a scroll of enchant armour
Potions
 b - a potion of brilliance
 p - a potion of haste
 t - a potion of agility
 E - a potion of flight
 K - a potion of might
 R - a potion of invisibility
 T - 4 potions of lignification
Books
 q - a book of Cantrips

   Spells                             Type                      Level
   a - Confusing Touch                Hexes                        1
   b - Animate Skeleton               Necromancy                   1
   c - Summon Small Mammal            Summoning                    1
   d - Apportation                    Translocation                1
Comestibles
 f - 12 bread rations
 l - 12 royal jellies
 r - 9 meat rations
 I - 22 fruits


   Skills:
 - Level 3.0 Fighting
 * Level 19.9 Axes
 - Level 2.6 Armour
 - Level 2.6 Shields
 - Level 4.0 Invocations


You had 10 spell levels left.
You knew the following spells:

 Your Spells              Type           Power        Failure   Level  Hunger
a - Swiftness             Chrm/Air       #.......     56%         2    ###....


Dungeon Overview and Level Annotations

Branches:
Dungeon (10/15)            Temple (1/1) D:4            Lair (6/6) D:8
  Swamp (0/4) Lair:2        Snake (0/4) Lair:2
  Slime: Lair:5-6       Orc: D:9-12

Altars:
Ashenzari
Cheibriados
Dithmenos
Elyvilon
Fedhas
Gozag
Hepliaklqana
Kikubaaqudgha
Makhleb
Nemelex Xobeh
Okawaru
Qazlal
Ru
Sif Muna
Trog
Uskayaw
Vehumet
Xom
Yredelemnul
Zin
The Shining One

Portals:
Volcano: Lair:1

Annotations:
Lair:4 exclusion: 3 oklob plants


Innate Abilities, Weirdness & Mutations

You have razor-sharp toenails.
You regenerate a little health from kills.
When hurt, damage is shared between your health and your magic reserves.
You regenerate magic rapidly.
When seriously injured, your bleeding wounds create armour. (AC +6)
You have a pair of small horns on your head.
You are agile. (Dex +2)
Your magical capacity is low. (-10% MP)


Message History

The dream sheep bites the plant but does no damage.
The spiny frog stings the plant!
The plant is destroyed!
The dream sheep bites you but does no damage.
You block the spiny frog's attack.
You climb upwards.
You feel sick.
There is a stone staircase leading down here.
Unknown command.
You feel sick.
You are near starving!
You feel sick.
You feel sick.
There is a stone staircase leading up here.
The dream sheep ruffle their wool and motes of dream dust sparkle, to no effect.
The dream sheep shake their wool and sparkle.
You feel drowsy...
You fall asleep.
You feel like a meek peon again.
You feel sick. The spiny frog stings you!!!
You die...

##P.#....P##..........
##P....................
#.P....................
#.P..P.........>.......
##P.P#..##..#......#...
#..########.......#..#
##.#####.#.......#....
#....#.<..............
##<.#@F..YP...........
#.#.#...........##...
#..##.P..Y#.....P#...
##..##..###...........
#....##..###..........
##............>.......
#....................
###..##.####.PP#..P.#
####### #....###P#


You could see a spiny frog and 2 dream sheep.

Vanquished Creatures
  2 entropy weavers (Lair:5)
  3 hydras
  4 two-headed ogres
  A queen ant (Lair:5)
  A deep elf archer (D:9)
  A deep elf mage (D:9)
  2 orc knights (Bailey)
  2 elephants (Lair:3)
  A cyclops (D:10)
  3 black mambas
  12 spiny frogs
  Joseph (Lair:1)
  2 komodo dragons
  A troll (D:9)
  A polar bear (Lair:5)
  4 blink frogs (Lair:3)
  Grinder (D:4)
  A slime creature (D:9)
  3 dream sheep
  3 hippogriffs
  A yak (shapeshifter) (D:9)
  40 yaks
  3 wyverns
  A fire elemental (Lair:3)
  2 vampires
  2 vampire mosquitoes (Lair:6)
  A steam dragon (D:9)
  3 hungry ghosts
  5 basilisks
  3 nagas (Lair:2)
  23 soldier ants (Lair:5)
  4 water moccasins
  An acid dragon (D:8)
  9 porcupines
  3 black bears
  An ice beast (D:8)
  4 sky beasts
  An eye of draining (D:9)
  10 orc warriors
  2 necrophages (D:9)
  6 ogres
  2 phantoms
  17 wolves
  The ghost of Prenthaom the Shooter, an amateur DrAM (D:3)
  8 centaurs
  7 crocodiles
  6 big kobolds
  13 bullfrogs
  2 wyvern skeletons
  3 scorpions
  A water moccasin skeleton (D:4)
  11 killer bees
  3 wights (D:9)
  A howler monkey (D:7)
  3 electric eels (Lair:2)
  6 crimson imps
  A bullfrog zombie (D:9)
  8 hounds
  4 jellies
  2 centaur skeletons
  An orc priest (D:6)
  2 orc wizards
  4 bullfrog skeletons
  24 worker ants
  4 iguanas
  A hound skeleton (D:8)
  A worker ant zombie (D:9)
  11 gnolls
  8 adders
  2 shadow imps
  An adder zombie (D:8)
  4 adder skeletons
  5 worms
  3 dart slugs (D:2)
  7 leopard geckos
  49 orcs
  7 bats
  9 giant cockroaches
  8 goblins
  13 hobgoblins
  9 jackals
  22 kobolds
  4 quokkas
  A ball python (D:1)
  4 frilled lizards
  3 leopard gecko skeletons
  A leopard gecko zombie (D:6)
  A quokka skeleton (D:5)
  9 rats
  3 fungi
  3 plants (D:8)
497 creatures vanquished.

Vanquished Creatures (others)
  12 fungi
  17 plants
29 creatures vanquished.

Grand Total: 526 creatures vanquished

Notes
Turn   | Place    | Note
-------+----------+-------------------------------------------
     0 | D:1      | tizzy the Demonspawn Fighter began the quest for the Orb.
     0 | D:1      | Reached XP level 1. HP: 18/18 MP: 1/1
    64 | D:1      | Reached skill level 2 in Axes
   200 | D:1      | Gained mutation: When hurt, damage is shared between your health and your magic reserves. [demonic ancestry]
   200 | D:1      | Reached XP level 2. HP: 24/24 MP: 2/2
   627 | D:2      | Reached skill level 3 in Axes
   804 | D:2      | Gained mutation: You have sharp toenails. [demonic ancestry]
   804 | D:2      | Reached XP level 3. HP: 26/29 MP: 3/3
   868 | D:2      | Found an iron altar of Okawaru.
   982 | D:2      | Became a worshipper of Warmaster Okawaru
  1958 | D:2      | Gained mutation: You regenerate a little health from kills. [demonic ancestry]
  1958 | D:2      | Reached XP level 4. HP: 35/35 MP: 4/4
  2044 | D:2      | Reached skill level 4 in Axes
  2271 | D:3      | Noticed Prenthaom's ghost (amateur DrAM)
  2341 | D:3      | Killed Prenthaom's ghost
  2341 | D:3      | Reached skill level 5 in Axes
  2341 | D:3      | Gained mutation: You regenerate magic rapidly. [demonic ancestry]
  2341 | D:3      | Reached XP level 5. HP: 13/41 MP: 2/5
  2782 | D:3      | Reached skill level 1 in Invocations
  3707 | D:4      | Noticed Grinder
  3712 | D:4      | Paralysed by Grinder for 6 turns
  3728 | D:4      | Paralysed by Grinder for 2 turns
  3731 | D:4      | Killed Grinder
  3731 | D:4      | Reached * piety under Okawaru
  3731 | D:4      | Reached skill level 6 in Axes
  3731 | D:4      | Gained mutation: When seriously injured, your bleeding wounds create armour. (AC +6) [demonic ancestry]
  3731 | D:4      | Reached XP level 6. HP: 11/47 MP: 4/8
  3754 | D:4      | Found a staircase to the Ecumenical Temple.
  3765 | Temple   | Entered the Ecumenical Temple
  4198 | D:4      | Identified a +1 pair of boots of running (You found it on level 4 of the Dungeon)
  4280 | D:4      | Reached XP level 7. HP: 47/52 MP: 7/10
  4476 | D:5      | Entered Level 5 of the Dungeon
  4516 | D:5      | Reached ** piety under Okawaru
  4633 | D:5      | Reached skill level 7 in Axes
  5107 | D:5      | Reached skill level 8 in Axes
  5182 | D:5      | Reached XP level 8. HP: 45/58 MP: 8/11
  5431 | D:6      | Found a shimmering altar of Xom.
  5767 | D:6      | Reached skill level 9 in Axes
  5775 | D:6      | Reached *** piety under Okawaru
  6467 | D:7      | Reached skill level 10 in Axes
  6662 | D:7      | Reached XP level 9. HP: 55/63 MP: 10/12
  6707 | D:7      | Reached **** piety under Okawaru
  6744 | D:7      | Reached skill level 11 in Axes
  7079 | D:9      | Noticed a deep elf mage
  7085 | D:9      | Found a flagged portal.
  7094 | Bailey   | Entered a bailey
  7729 | Bailey   | Reached skill level 12 in Axes
  7886 | Bailey   | Noticed an orc knight
  7889 | Bailey   | Gained mutation: Your magical capacity is low. (-10% MP) [potion of mutation]
  7889 | Bailey   | Gained mutation: You are agile. (Dex +2) [potion of mutation]
  7889 | Bailey   | Gained mutation: You have a pair of small horns on your head. [potion of mutation]
  7917 | Bailey   | Killed an orc knight
  7922 | Bailey   | Reached XP level 10. HP: 17/70 MP: 6/11
  7956 | Bailey   | Got a transparent arbalest
  7982 | Bailey   | Noticed an orc knight
  7991 | Bailey   | Reached ***** piety under Okawaru
  7992 | Bailey   | HP: 3/70 [orc knight/bardiche (4)]
  7994 | Bailey   | Killed an orc knight
  8062 | Bailey   | Identified the +5 arbalest "Dousme" {velocity, rC+ rN+ MR++ Int+2} (You found it in a bailey)
  8225 | D:9      | Killed a deep elf mage
  8225 | D:9      | Reached skill level 13 in Axes
  9005 | D:9      | Found a radiant altar of Vehumet.
  9196 | D:8      | Noticed a three-headed hydra
  9201 | D:8      | Reached skill level 14 in Axes
  9224 | D:8      | Noticed a two-headed ogre
  9230 | D:8      | Killed a two-headed ogre
  9230 | D:8      | Received a gift from Okawaru
  9471 | D:8      | Found a staircase to the Lair.
  9506 | D:8      | Reached XP level 11. HP: 69/75 MP: 12/12
  9558 | D:8      | Reached ****** piety under Okawaru
  9774 | D:8      | Found an opulent altar of Gozag.
 10033 | D:8      | Noticed a two-headed ogre
 10044 | D:8      | Killed a two-headed ogre
 10044 | D:8      | Reached skill level 15 in Axes
 10190 | D:7      | Killed a one-headed hydra
 10190 | D:7      | Received a gift from Okawaru
 10800 | D:9      | Found a burning altar of Makhleb.
 10802 | D:9      | Found a shattered altar of Ashenzari.
 10802 | D:9      | Found a hazy altar of Hepliaklqana.
 10807 | D:9      | Found a shadowy altar of Dithmenos.
 11126 | D:9      | Noticed a two-headed ogre
 11142 | D:9      | Killed a two-headed ogre
 11268 | D:9      | Found a bloodstained altar of Trog.
 11444 | D:9      | Noticed a deep elf archer
 11450 | D:9      | Reached skill level 16 in Axes
 11601 | D:9      | Killed a deep elf archer
 11610 | D:9      | Found a sparkling altar of Nemelex Xobeh.
 11747 | D:10     | Entered Level 10 of the Dungeon
 11768 | D:10     | Received a gift from Okawaru
 12020 | D:10     | HP: 2/75 [something (10)]
 12257 | D:10     | Noticed a two-headed ogre
 12284 | D:10     | Killed a two-headed ogre
 12284 | D:10     | Reached XP level 12. HP: 60/81 MP: 7/13
 12427 | Lair:1   | Entered Level 1 of the Lair of Beasts
 12466 | Lair:1   | Noticed Joseph
 12738 | Lair:1   | Killed Joseph
 12890 | Lair:1   | Reached skill level 17 in Axes
 12913 | Lair:1   | Found a dark tunnel.
 13052 | Lair:2   | Learned a level 2 spell: Swiftness
 13204 | Lair:2   | Found a staircase to the Swamp.
 13217 | Lair:2   | Received a gift from Okawaru
 13692 | Lair:2   | Found a staircase to the Snake Pit.
 14275 | Lair:3   | Received a gift from Okawaru
 14404 | Lair:3   | Reached skill level 18 in Axes
 14962 | Lair:4   | Gained mutation: You have razor-sharp toenails. [demonic ancestry]
 14962 | Lair:4   | Reached XP level 13. HP: 73/86 MP: 11/14
 15911 | Lair:5   | Reached skill level 19 in Axes
 15912 | Lair:5   | Noticed an entropy weaver
 15915 | Lair:5   | Killed an entropy weaver
 15946 | Lair:5   | HP: 4/86 [poisoned by a soldier ant]
 15951 | Lair:5   | HP: 4/86 [poisoned by a soldier ant]
 16505 | Lair:5   | Noticed an entropy weaver
 16521 | Lair:5   | Killed an entropy weaver
 16557 | Lair:5   | Received a gift from Okawaru
 16569 | Lair:5   | Got a pair of jewelled boots {god gift}
 16643 | Lair:5   | Identified the +0 pair of boots of the Bouncing Dreams {rC++} (Okawaru gifted it to you on level 5 of the Lair of Beasts)
 17182 | Lair:6   | Entered Level 6 of the Lair of Beasts
 17269 | Lair:5   | HP: 4/86 [poisoned by a spiny frog]
 17279 | Lair:5   | Annihilated by a spiny frog

Skill      XL: |  1  2  3  4  5  6  7  8  9 10 11 12 13 |
---------------+----------------------------------------+-----
Axes           | 2 3 5 6 8 10 12 14 16 18 19 | 19.9
Invocations    | 3 4 |  4.0
Fighting       | |  3.0
Armour         | |  2.6
Shields        | |  2.6

Action                   |  1- 3 |  4- 6 |  7- 9 | 10-12 | 13-15 || total
-------------------------+-------+-------+-------+-------+-------++-------
Melee: War axe           |   149 |   180 |   376 |   145 |       ||   850
       Kick              |    15 |    34 |       |       |       ||    49
       Halberd           |       |       |    63 |       |       ||    63
       Headbutt          |       |       |     1 |   169 |    57 ||   227
       Broad axe         |       |       |       |   613 |   241 ||   854
       Hand axe          |       |       |       |     6 |    14 ||    20
Throw: Javelin           |       |     4 |     6 |    18 |     5 ||    33
Invok: Heroism           |       |       |     7 |    13 |     4 ||    24
Evoke: Wand              |       |       |    10 |    11 |       ||    21
  Use: Scroll            |       |       |     9 |    14 |     5 ||    28
       Potion            |       |       |     7 |     3 |     1 ||    11
 Stab: Sleeping          |       |       |       |     3 |       ||     3
       Distracted        |       |       |       |     3 |       ||     3
  Eat: Chunk             |     3 |     7 |     7 |    22 |     6 ||    45
       Meat ration       |       |       |     1 |     1 |       ||     2
       Bread ration      |       |       |     3 |       |       ||     3
Armor: Scale mail        |    86 |    97 |   185 |    18 |       ||   386
       Troll leather arm |       |       |       |   177 |    45 ||   222
Dodge: Dodged            |    50 |    48 |   144 |   217 |    77 ||   536
Block: Shield            |    85 |    79 |   171 |   265 |       ||   600
       Buckler           |       |       |       |    16 |    84 ||   100
